cohdb
Replays
Latest Replays
All Replays
Popular Replays
Top Player Replays
Match Explorer
How It Works
Community
CoH3 Stats
Reddit
Sign in to upload your games and track your stats! →
Sign in with Steam
Match 44582295
Unlisted
Match 44582295
Overview
Messages
Build Orders
End
Construct Weapon Support Center
M1919 Machine Gun Team
Selects Special Operations Battlegroup
Selects M29 Weasel Recon Vehicle
M29 Weasel Recon Vehicle
M1919 Machine Gun Team
M1919 Machine Gun Team
Mechanized Support Center
Engineer Squad
M3 Armored Personnel Carrier
M3 Armored Personnel Carrier
Designate Forward Repair Station
Selects Raiding Flares
Selects SSF Commando Squad
SSF Commando Squad
SSF Commando Squad
Designate Forward Repair Station
Rapid Repairs
Construct Tank Depot
Improved M9 Bazooka Rockets
Selects P-47 Anti-Infantry Loiter
Selects UNKNOWN (2162291)
M4A1 Sherman Whizbang
BurningShot
Some_Devil
Меткић'94
Alekel
GodlySn4ke
Jeremy
JT
冲锋大哥
0
0
Comments
sign in to comment!
No comments posted yet!